 Dungeon Crawl Stone Soup version 0.21-a0-522-ga8338f0 (webtiles) character file.

2169 slep the Chopper (level 9, 0/46 HPs)
             Began as a Vine Stalker Fighter on Dec 7, 2017.
             Was a Follower of Okawaru.
             Slain by an unseen horror (9 damage)
             ... on level 7 of the Dungeon.
             The game lasted 00:25:49 (4690 turns).

slep the Chopper (Vine Stalker Fighter)             Turns: 4690, Time: 00:25:50

Health: 0/46       AC:  6    Str: 24    XL:     9   Next: 32%
Magic:  0/10       EV:  4    Int:  8    God:    Okawaru [*.....]
Gold:   381        SH: 18    Dex: 15    Spells: 8/8 levels left

rFire    . . .     SeeInvis .   D - +1 war axe (venom)
rCold    . . .     Gourm    .   z - +2 large shield "Guamoo" {+Inv rN+ Regen+ Str+3}
rNeg     + + .     Faith    .   B - +2 leather armour {rN+}
rPois    +         Spirit   +   (no helmet)
rElec    .         Reflect  .   (no cloak)
rCorr    .         Harm     .   i - +0 pair of gloves
MR       +....                  (no boots)
Stlth    ++........             L - amulet of regeneration (curse)
HPRegen  1.35/turn              n - -4 ring of evasion (curse)
MPRegen  0.12/turn              P - ring of poison resistance

@: no status effects
A: fangs 3, regeneration 1, magic shield, antimagic bite, no potion heal 3, rot
immunity
a: Heroism, Renounce Religion, Evoke Invisibility


You were on level 7 of the Dungeon.
You worshipped Okawaru.
Okawaru was aware of your devotion.
You were hungry.

You visited 2 branches of the dungeon, and saw 8 of its levels.
You also visited: Ossuary.

You collected 381 gold pieces.

Inventory:

Hand Weapons
 a - a +0 war axe
 q - a +1 hand axe of chopping
 y - a +0 flail of crushing
 D - a +1 war axe of venom (weapon)
 E - a +0 spear of piercing
Armour
 b - a +0 scale mail
 c - a +0 shield
 i - a +0 pair of gloves (worn)
 z - the +2 large shield "Guamoo" (worn) {+Inv rN+ Regen+ Str+3}
   (You found it on level 4 of the Dungeon)

   It affects your strength (+3).
   It protects you from negative energy.
   It lets you turn invisible.
   It increases your rate of regeneration.
 A - the +2 robe "Cuvivvan" {Str-4 Int+5 SInv}
   (You found it on level 5 of the Dungeon)

   It affects your strength (-4).
   It affects your intelligence (+5).
   It lets you see invisible.
 B - a +2 leather armour of positive energy (worn)
 C - a +0 chain mail of fire resistance
 I - a +2 scale mail of positive energy
Jewellery
 m - an uncursed ring of resist corrosion
 n - a cursed -4 ring of evasion (left hand)
 v - a +4 ring of intelligence
 G - a +3 ring of intelligence
 L - a cursed amulet of regeneration (around neck)
 P - a ring of poison resistance (right hand)
Scrolls
 g - 5 scrolls of teleportation {unknown}
 h - 6 scrolls of identify {unknown}
 o - a scroll of amnesia {unknown}
 s - 2 scrolls of fear {unknown}
 t - 2 scrolls of fog {unknown}
 u - 2 scrolls of magic mapping {unknown}
 w - a scroll of remove curse {unknown}
 J - a scroll of immolation {unknown}
 M - 2 scrolls of summoning {unknown}
Potions
 e - 2 potions of invisibility {unknown}
 j - 2 potions of flight {unknown}
 k - 4 potions of curing {unknown}
 l - a potion of degeneration {unknown}
 r - 4 potions of magic {unknown}
 x - a potion of heal wounds {unknown}
 F - 4 potions of brilliance {unknown}
 N - a potion of berserk rage {unknown}
 O - 2 potions of might
Comestibles
 d - 3 fruits
 f - 7 bread rations
 p - 3 meat rations
 H - a royal jelly


   Skills:
 + Level 4.7 Fighting
 + Level 7.8 Axes
 + Level 4.3 Armour
 + Level 1.9 Dodging
 + Level 1.2 Stealth
 + Level 5.7 Shields


You had 8 spell levels left.
You didn't know any spells.

Dungeon Overview and Level Annotations

Branches:
Dungeon (7/15)             Temple (1/1) D:6

Altars:
Ashenzari
Cheibriados
Elyvilon
Fedhas
Gozag
Hepliaklqana
Kikubaaqudgha
Makhleb
Okawaru
Ru
Sif Muna
Trog
Wu Jian
Xom
Yredelemnul
Zin
The Shining One
Jiyva

Shops:
D:4 :   D:6 }


Innate Abilities, Weirdness & Mutations

You have razor-sharp teeth.
Your natural rate of healing is unusually fast.
When hurt, damage is shared between your health and your magic reserves.
Your bite disrupts and absorbs the magic of your enemies.
Potions cannot restore your health.
You are immune to rotting.


Message History

You slash the yak! You bite the yak, but do no damage.
The yak is almost dead.
You hit the bullfrog.
The bullfrog is poisoned.
You block the bullfrog's attack. You block the yak's attack.
You slash the yak!
You kill the yak!
Okawaru accepts your kill.
You hit the bullfrog.
The bullfrog looks as sick as possible!
Something hits you. You block the bullfrog's attack. The bullfrog hits you.
You slice the bullfrog!!
You kill the bullfrog!
Okawaru accepts your kill. Something hits you! Something hits you. x2
* * * LOW HITPOINT WARNING * * *
You block something's attack. Something hits you!
* * * LOW HITPOINT WARNING * * *
Something hits you!
You die...

#.# #.# #.######.#
#.#....#.# #=#.#.##.#
##############.#.#.##.#
#............#.#.#.##.#
.####''####...#......##
##........##.......#...
##.....@....##....###.##
##..$.........##.........
#..............##..#...##
#................##.#.#...
#..!..............
#.#.#.##
#........††.......
#<#.#.#.
#.......8..8......
#....>#.
#........≈≈.......
#.#.###.
#........≈§....... #.#.#
#.


There were no monsters in sight!

Vanquished Creatures
  The ghost of slep the Shield-Bearer, a novice BaFi (D:4)
  Eustachio (D:6)
  A yak (D:7)
  Duvessa (D:5)
  An ice beast (D:6)
  2 ogres
  2 centaurs (D:5)
  2 elf zombies (Ossuary)
  Blork the orc (D:5)
  2 bullfrogs
  Dowan (D:5)
  A crimson imp (D:6)
  A quasit (D:5)
  3 orc priests
  2 hounds
  3 orc wizards (D:6)
  2 worker ants
  2 big kobold zombies (Ossuary)
  A hound zombie (Ossuary)
  5 mummies
  3 gnolls (D:4)
  3 adders
  A shadow imp (D:5)
  3 oozes
  3 adder skeletons
  2 adder zombies (Ossuary)
  4 worms
  A dart slug (D:1)
  4 leopard geckos
  16 orcs
  3 giant cockroaches
  8 goblins
  13 hobgoblins
  16 jackals
  16 kobolds
  3 quokkas
  A ball python zombie (D:5)
  11 bats
  8 frilled lizards
  A goblin zombie (D:7)
  A jackal zombie (Ossuary)
  A kobold zombie (D:7)
  3 orc zombies (Ossuary)
  8 rats
  A rat zombie (Ossuary)
169 creatures vanquished.

Notes
Turn   | Place    | Note
-------+----------+-------------------------------------------
     0 | D:1      | slep the Vine Stalker Fighter began the quest for the Orb.
     0 | D:1      | Reached XP level 1. HP: 11/11 MP: 2/2
   104 | D:1      | Reached XP level 2. HP: 12/16 MP: 3/3
   283 | D:1      | Reached skill level 2 in Axes
   434 | D:1      | Reached XP level 3. HP: 19/19 MP: 4/4
   825 | D:2      | Gained mutation: Your natural rate of healing is unusually fast. [Vine Stalker growth]
   825 | D:2      | Reached XP level 4. HP: 18/24 MP: 5/5
   976 | D:2      | Reached skill level 3 in Axes
  1291 | D:3      | Found a bloodstained altar of Trog.
  1780 | D:3      | Reached XP level 5. HP: 28/28 MP: 6/6
  1802 | D:3      | Found a shimmering altar of Xom.
  1998 | D:4      | Noticed slep's ghost (novice BaFi)
  2318 | D:4      | Got a shimmering large shield
  2329 | D:4      | Identified the +2 large shield "Guamoo" {+Inv rN+ Regen+ Str+3} (You found it on level 4 of the Dungeon)
  2340 | D:4      | Found Itoxax's Book Shop.
  2388 | D:5      | Entered Level 5 of the Dungeon
  2446 | D:5      | Got a crude robe
  2459 | D:5      | Noticed a centaur
  2467 | D:5      | Killed a centaur
  2467 | D:5      | Reached XP level 6. HP: 9/32 MP: 2/7
  2500 | D:5      | Identified the +2 robe "Cuvivvan" {Str-4 Int+5 SInv} (You found it on level 5 of the Dungeon)
  2520 | D:5      | Noticed Blork the orc
  2532 | D:5      | Killed Blork the orc
  2532 | D:5      | Reached skill level 4 in Axes
  2654 | D:5      | Reached skill level 1 in Dodging
  2658 | D:5      | Reached XP level 7. HP: 36/36 MP: 8/8
  2732 | D:5      | Noticed Duvessa
  2739 | D:5      | Noticed Dowan
  2739 | D:5      | Killed Duvessa
  2743 | D:5      | Killed Dowan
  2743 | D:5      | Reached skill level 5 in Axes
  3090 | D:4      | Killed slep's ghost
  3090 | D:4      | Reached skill level 6 in Axes
  3090 | D:4      | Gained mutation: You have razor-sharp teeth. [Vine Stalker growth]
  3090 | D:4      | Reached XP level 8. HP: 10/42 MP: 9/9
  3414 | D:6      | Found Ziamuwn's Gadget Emporium.
  3471 | D:6      | Found a staircase to the Ecumenical Temple.
  3481 | D:6      | Reached skill level 5 in Shields
  3491 | Temple   | Entered the Ecumenical Temple
  3677 | D:6      | Reached skill level 1 in Stealth
  3704 | D:6      | Found an iron altar of Okawaru.
  3710 | D:6      | Became a worshipper of Warmaster Okawaru
  3728 | D:6      | Found an ancient bone altar of Kikubaaqudgha.
  3733 | D:6      | Noticed Eustachio
  3749 | D:6      | Killed Eustachio
  3996 | D:6      | Found a basalt altar of Yredelemnul.
  4000 | D:6      | Reached * piety under Okawaru
  4000 | D:6      | Reached skill level 7 in Axes
  4000 | D:6      | Reached XP level 9. HP: 46/46 MP: 10/10
  4051 | D:6      | Found a deep blue altar of Sif Muna.
  4051 | D:6      | Found a faded altar of an unknown god.
  4056 | D:6      | Found an opulent altar of Gozag.
  4058 | D:6      | Found a white marble altar of Elyvilon.
  4060 | D:6      | Found a burning altar of Makhleb.
  4310 | D:7      | Found a sand-covered staircase.
  4315 | Ossuary  | Entered an ossuary
  4690 | D:7      | Slain by an unseen horror

Vault maps used:
D:1:      dpeg_arrival_lava_temple_mockup, roderic_serpentine_path,
          minmay_tetromino_i2
D:2:      corexii_shack
D:3:      tgw_xom, trog_three_pillars_becter
D:4:      lemuel_upstairs_altar, serial_shops, kennysheep_mini
D:5:      first_bread, uniq_blork_the_orc, uniq_duvessa
D:6:      okawaru_metal_pillars_1_2, kiku_gazebo_garden_becter,
          chequers_temple_overflow_minitemple, overflow_temple_1_default,
          minmay_temple_entry_large_hall, serial_shops, nicolae_shop_trees,
          uniq_eustachio
D:7:      kennysheep_big_flooded_room, nicolae_ossuary_entry_giza,
          kennysheep_flooded_box
Temple:   pf_slimified_temple
Ossuary:  ossuary_minmay_tomb_2a

Skill      XL: |  1  2  3  4  5  6  7  8 |
---------------+-------------------------+-----
Axes           | 2 3 4 6 7 |  7.8
Shields        | 3 4 5 |  5.7
Fighting       | 3 4 |  4.7
Armour         | 3 4 |  4.3
Dodging        | 1 |  1.9
Stealth        | 1 |  1.2

Action                   |  1- 3 |  4- 6 |  7- 9 || total
-------------------------+-------+-------+-------++-------
Melee: War axe           |    98 |    54 |   159 ||   311
       Bite              |    27 |    49 |    64 ||   140
       Hand axe          |       |   119 |       ||   119
  Use: Potion            |       |       |     1 ||     1
  Eat: Chunk             |       |     6 |     6 ||    12
Armor: Scale mail        |    65 |    83 |       ||   148
       Chain mail        |       |    10 |     6 ||    16
       Leather armour    |       |       |    39 ||    39
Dodge: Dodged            |    27 |    23 |    20 ||    70
Block: Shield            |    60 |    87 |       ||   147
       Large shield      |       |    34 |   133 ||   167

Table legend:
 A = Spawn XP
 B = Non-spawn XP
 C = Spawn XP percentage of total XP
 D = Spawn monster count
 E = Non-spawn monster count
 F = Spawn count percentage of total count
 G = Total turns spent on level
                    A         B        C        D         E        F      G
               +---------+---------+-------+---------+---------+-------+---------
         Total |       0 |    3099 |   0.0 |       0 |     169 |   0.0 |  4690
               +---------+---------+-------+---------+---------+-------+---------
           D:1 |       0 |      43 |   0.0 |       0 |      23 |   0.0 |   747
           D:2 |       0 |      75 |   0.0 |       0 |      32 |   0.0 |   456
           D:3 |       0 |      64 |   0.0 |       0 |      34 |   0.0 |   812
           D:4 |       0 |     680 |   0.0 |       0 |      12 |   0.0 |   662
           D:5 |       0 |     831 |   0.0 |       0 |      21 |   0.0 |   719
           D:6 |       0 |     687 |   0.0 |       0 |      23 |   0.0 |   605
           D:7 |       0 |     357 |   0.0 |       0 |       8 |   0.0 |   370
       Ossuary |       0 |     362 |   0.0 |       0 |      16 |   0.0 |   184
               +---------+---------+-------+---------+---------+-------+---------
